 Dungeon Sprint DCSS version 0.31-a0-37-g98a128e1d9 (webtiles) character file.

Game seed: 689437559446119021

126 Elsrick the Ruffian (level 5, -4/50 HPs)
             Began as a Ghoul Monk on May 16, 2023.
             Slain by a human (8 damage)
             ... in the Dungeon (Sprint III: "The Ten Rune Challenge").
             The game lasted 00:01:40 (480 turns).

Elsrick the Ruffian (Ghoul Monk)                     Turns: 480, Time: 00:01:41

Health: -4/50      AC:  2    Str: 17    XL:     5   Next: 10%
Magic:  4/4        EV: 13    Int:  5    God:
Gold:   38         SH:  0    Dex: 11    Spells: 4/4 levels left

rFire   . .          .
                       - Unarmed
rCold   + . .        c - orb {light}
rNeg    + + +        a - +0 robe
rPois   ∞            (no helmet)
rElec   .            (no cloak)
rCorr   .            (no gloves)
SInv    .            (no boots)
Will    .....        (no amulet)
Stlth   +            (no ring)
HPRegen 0.00/turn    (no ring)
MPRegen 0.09/turn

%: no teleportation
@: inhibited regen, glowing
A: claws 1, cold resistance 1, negative energy resistance 3, inhibited
regeneration, torment resistance 2, devour on kill
a: no special abilities


You were in the Dungeon.
You visited 1 branch You collected 38 gold pieces.

Inventory:

Armour
 a - a +0 robe (worn)
 c - an orb of light (worn)
Scrolls
 h - 2 scrolls of blinking
 i - a scroll of enchant weapon {unknown}
 j - a scroll of torment {unknown}
Potions
 b - a potion of ambrosia
 d - a potion of curing
 g - 2 potions of magic
 k - a potion of cancellation {unknown}
 l - a potion of flight


   Skills:
 + Level 6.1 Fighting
 + Level 5.5 Dodging
 + Level 7.9 Unarmed Combat


You had 4 spell levels left.
You didn't know any spells.
Your spell library was empty.

Dungeon Overview and Level Annotations

Branches:
Dungeon (1/1)

Altars:
Kikubaaqudgha
Okawaru
Sif Muna
Trog
Uskayaw
Vehumet
Wu Jian


Innate Abilities, Weirdness & Mutations

You are immune to poison.
You have sharp fingernails.
Your flesh is cold resistant. (rC+)
You are immune to negative energy. (rN+++)
You do not regenerate when monsters are visible.
You are immune to unholy pain and torment.
You thrive by killing the living.


Message History

You start resting.
HP restored.
You open the door. 2 humans come into view.
The human shouts!
Found a club and a ring mail.
Found five altars.
You aren't carrying any items that you can evoke.
You close the door.
A human breaks down the door.
There is an open door to the Ecumenical Temple here.
The human drinks a potion.
The human goes berserk!
You close the door.
You hear a shout!
A human breaks down the door.
The human attacks as you move away! The human hits you.
The human barely misses you.
You scratch the human but do no damage. The human hits you!
You scratch the human but do no damage. The human barely misses you.
You claw the human!
The human is lightly wounded.
The human hits you! The human misses you.
You claw the human!
The human is heavily wounded.
The human hits you.
* * * LOW HITPOINT WARNING * * *
The human hits you!
* * * LOW HITPOINT WARNING * * *
You claw the human!
The human is severely wounded.
The human completely misses you.
The human drinks a potion.
The human seems to grow stronger.
You claw the human!
The human is almost dead.
The human closely misses you. The human barely misses you.
You barely miss the human.
The human is almost dead.
The human closely misses you. x2; The human barely misses you.
You claw the human!
The human is almost dead.
The human hits you!
You die...

▓#'####......♣ ♣♣.# __)
▓.....#....~.♣ ♣..###+#'###+#
▓.....#...~~♣♣♣♣..#..........
▓.....#..~~~~.....'.⌠........
▓####'#.÷~≈≈~~~♣..#...######+
▓[....#.~~≈~~~....#.⌠.#
▓.....#.~≈~~~.....#...#
▓.....#.~~~..p....#'###
▓'#####.....@p....#)).#
▓.................#___#
▓▓▓▓▓▓▓▓▓▓▓▓▓▓▓▓▓▓▓▓▓▓▓


You could see 2 humans.

Vanquished Creatures
  A water elemental (D)
  A wizard (D)
  A human (D)
  A kobold demonologist (D)
  A phantom (D)
  An endoplasm (D)
  3 rats (D)
9 creatures vanquished.

Notes
Turn   | Place    | Note
-------+----------+-------------------------------------------
     0 | D        | Elsrick the Ghoul Monk began the quest for the Orb.
     0 | D        | Reached XP level 1. HP: 19/19 MP: 0/0
    49 | D        | Reached skill level 4 in Unarmed Combat
    49 | D        | Reached XP level 2. HP: 23/27 MP: 1/1
   113 | D        | Reached skill level 5 in Unarmed Combat
   113 | D        | Reached XP level 3. HP: 4/34 MP: 2/2
   258 | D        | Noticed a water elemental
   269 | D        | Killed a water elemental
   270 | D        | Reached skill level 5 in Fighting
   270 | D        | Reached skill level 5 in Dodging
   270 | D        | Reached skill level 6 in Unarmed Combat
   270 | D        | Reached XP level 4. HP: 40/42 MP: 3/3
   274 | D        | Found a radiant altar of Vehumet.
   274 | D        | Found a shimmering blue altar of Sif Muna.
   274 | D        | Found an ancient bone altar of Kikubaaqudgha.
   274 | D        | Noticed a wizard
   286 | D        | Killed a wizard
   287 | D        | Reached skill level 7 in Unarmed Combat
   294 | D        | Noticed a hellwing
   296 | D        | Noticed a neqoxec
   297 | D        | Reached XP level 5. HP: 7/50 MP: 4/4
   460 | D        | Found a hide-covered altar of Uskayaw.
   460 | D        | Found an iron altar of Okawaru.
   460 | D        | Found a bloodstained altar of Trog.
   460 | D        | Found an ornate altar of the Wu Jian Council.
   460 | D        | Noticed a human
   460 | D        | Noticed a human
   480 | D        | Slain by a human

Illustrated notes

Levels and vault maps discovered:
D:        dungeon_sprint_mu [sprint_mu_entry_forest, sprint_mu_temple_rooms,
          sprint_mu_d1_horrors, sprint_mu_d2_genie, sprint_mu_d3_branching,
          sprint_mu_orc_legion, sprint_mu_elf_gauntlet, sprint_mu_hive_nellie,
          sprint_mu_lair_fedhas, sprint_mu_vaults_butterflies,
          sprint_mu_slime_circle, sprint_mu_swamp_cave, sprint_mu_snake_twists,
          sprint_mu_blade_basic, sprint_mu_crypt_fortress,
          sprint_mu_tomb_spiral, sprint_mu_vestibule_basic,
          sprint_mu_gehenna_hellfire, sprint_mu_dis_giant,
          sprint_mu_tartarus_statrot, sprint_mu_cocytus_islands, sprint_mu_zot1]

Skill      XL: |  1  2  3  4 |
---------------+-------------+-----
Dodging        | 3 4 5 |  5.5
Fighting       | 4 5 6 |  6.1
Unarmed Combat | 4 5 6 7 |  7.9

Action                     |  1- 3 |  4- 6 || total
---------------------------+-------+-------++-------
  Melee: Unarmed           |    41 |    25 ||    66
    Use: Potion            |     2 |       ||     2
 Armour: Robe              |     5 |       ||     5
  Dodge: Dodged            |    24 |    17 ||    41

Table legend: (Time is in decaauts)
 A = Elapsed time spent in this place.
 B = Non-inter-level travel time spent in this place.
 C = Inter-level travel time spent in this place.
 D = Time resting spent in this place.
 E = Time spent auto-exploring this place.
 F = Levels seen in this place.
 G = Mean time per level.
                   A        B        C        D        E       F      G
               +--------+--------+--------+--------+--------+-----+--------+
         Total |    458 |    458 |      0 |    279 |      0 |   1 |  458.0 |
       Dungeon |    458 |    458 |      0 |    279 |      0 |   1 |  458.0 |
               +--------+--------+--------+--------+--------+-----+--------+

Top non-repeatable levels by time:
       D: 458 daAuts
